TOP OF THE 1ST |
Bismark Border Guards batting - Pitching for Culver City Extras : RHP Juan Tapia
|
Pitching: RHP Juan Tapia
|
|
Batting: LHB Juan Viera
|
0-0: Bunt for hit - play at first, batter OUT! 1-3
|
Batting: RHB Enrique Soto
|
0-0: Ball 1-0: Ball 2-0: Called Strike 2-1: Ball 3-1: Ground out 5-3 (Groundball, 5S)
|
Batting: LHB Norbert Mosley
|
0-0: Ball 1-0: Called Strike 1-1: Fly out, F8 (Flyball, 8LM)
|
Top of the 1st over - 0 run(s), 0 hit(s), 0 error(s), 0 left on base; Bismark 0 - Culver City 0 |
BOTTOM OF THE 1ST |
Culver City Extras batting - Pitching for Bismark Border Guards : RHP Paul Pothecary
|
Pitching: RHP Paul Pothecary
|
|
Batting: RHB Augusto Trevino
|
0-0: Called Strike 0-1: Swinging Strike 0-2: Ball 1-2: Ball 2-2: Ball 3-2: Fly out, F9 (Flyball, 89D)
|
Batting: RHB Horace Johnson
|
0-0: Called Strike 0-1: Foul Ball, location: 2F 0-2: Fly out, F9 (Flyball, 9LD)
|
Batting: RHB Ramón Molina
|
0-0: Foul Ball, location: 2F 0-1: Foul Ball, location: 2F 0-2: SINGLE (Flyball, 4MD) - OUT at second base trying to stretch hit.
|
Bottom of the 1st over - 0 run(s), 1 hit(s), 0 error(s), 0 left on base; Bismark 0 - Culver City 0 |
TOP OF THE 2ND |
Bismark Border Guards batting - Pitching for Culver City Extras : RHP Juan Tapia
|
Batting: RHB Tony Hernández
|
0-0: Ball 1-0: Ball 2-0: SINGLE (Line Drive, 9LS)
|
Batting: SHB Júlio Romano
|
0-0: Ball 1-0: Called Strike 1-1: Ball 2-1: Ball 3-1: Called Strike 3-2: Ground out 4-3 (Groundball, 34) Tony Hernández to second
|
Batting: RHB Jeremiah Soto
|
0-0: Ball 1-0: Ball 2-0: Called Strike 2-1: Ball 3-1: Called Strike 3-2: Foul Ball, location: 2F 3-2: Foul Ball, location: 2F 3-2: Base on Balls
|
Batting: RHB Alfredo Farías
|
0-0: Ball 1-0: SINGLE (Groundball, 6MD) Tony Hernández to third Jeremiah Soto to second Runner from 3rd tries for Home, SAFE, no throw
|
Batting: RHB José Vidal
|
0-0: Foul Ball, location: 2F 0-1: Ball 1-1: Grounds into double play, 5-4-3 (Groundball, 5)
|
Top of the 2nd over - 1 run(s), 2 hit(s), 0 error(s), 1 left on base; Bismark 1 - Culver City 0 |
BOTTOM OF THE 2ND |
Culver City Extras batting - Pitching for Bismark Border Guards : RHP Paul Pothecary
|
Batting: RHB Tony Cruz
|
0-0: Foul Ball, location: 2F 0-1: Ball 1-1: Swinging Strike 1-2: Foul Ball, location: 2F 1-2: Ball 2-2: Ball 3-2: Foul Ball, location: 2F 3-2: Fly out, F8 (Flyball, 8RM)
|
Batting: LHB Richard Bell
|
0-0: Ball 1-0: Ball 2-0: Ball 3-0: Fly out, F8 (Flyball, 8RS)
|
Batting: RHB Cooper Richard
|
0-0: Called Strike 0-1: Foul Ball, location: 2F 0-2: Ball 1-2: Ball 2-2: Ball 3-2: Fly out, F9 (Line Drive, 9)
|
Bottom of the 2nd over - 0 run(s), 0 hit(s), 0 error(s), 0 left on base; Bismark 1 - Culver City 0 |
TOP OF THE 3RD |
Bismark Border Guards batting - Pitching for Culver City Extras : RHP Juan Tapia
|
Batting: RHB António Martínez
|
0-0: Ball 1-0: Ball 2-0: Ball 3-0: Called Strike 3-1: Ground out 6-3 (Groundball, 6)
|
Batting: LHB Juan Viera
|
0-0: Called Strike 0-1: Swinging Strike 0-2: Fly out, F8 (Flyball, 8RS)
|
Batting: RHB Enrique Soto
|
0-0: Foul Ball, location: 2F 0-1: Fly out, F8 (Flyball, 8LM)
|
Top of the 3rd over - 0 run(s), 0 hit(s), 0 error(s), 0 left on base; Bismark 1 - Culver City 0 |
BOTTOM OF THE 3RD |
Culver City Extras batting - Pitching for Bismark Border Guards : RHP Paul Pothecary
|
Batting: LHB Randy Wiggins
|
0-0: Called Strike 0-1: Fly out, F8 (Line Drive, 78D)
|
Now in CF: Vincent Braun
|
|
Batting: RHB Jesús Lara
|
0-0: Ball 1-0: Foul Ball, location: 2F 1-1: Called Strike 1-2: Foul Ball, location: 2F 1-2: SINGLE (Groundball, 56S) (infield hit)
|
Batting: RHB Shawn Gutiérrez
|
0-0: Called Strike Jesús Lara is caught stealing 2nd base 0-1: Ball 1-1: Called Strike 1-2: Foul Ball, location: 2F 1-2: Fly out, F8 (Flyball, 78D)
|
Bottom of the 3rd over - 0 run(s), 1 hit(s), 0 error(s), 0 left on base; Bismark 1 - Culver City 0 |
TOP OF THE 4TH |
Bismark Border Guards batting - Pitching for Culver City Extras : RHP Juan Tapia
|
Batting: LHB Norbert Mosley
|
0-0: SINGLE (Groundball, 6D)
|
Batting: RHB Tony Hernández
|
0-0: Called Strike 0-1: Ball 1-1: Swinging Strike 1-2: Fly out, F7 (Flyball, 7)
|
Batting: SHB Júlio Romano
|
0-0: Ball 1-0: Ball 2-0: Ball 3-0: Called Strike 3-1: Base on Balls Norbert Mosley to second
|
Batting: RHB Jeremiah Soto
|
0-0: Ball 1-0: Foul Ball, location: 2F 1-1: Ball 2-1: Foul Ball, location: 2F 2-2: Strikes out swinging
|
Batting: RHB Alfredo Farías
|
0-0: Ball 1-0: Called Strike 1-1: Called Strike 1-2: Ball 2-2: Strikes out swinging
|
Top of the 4th over - 0 run(s), 1 hit(s), 0 error(s), 2 left on base; Bismark 1 - Culver City 0 |
BOTTOM OF THE 4TH |
Culver City Extras batting - Pitching for Bismark Border Guards : RHP Paul Pothecary
|
Batting: RHB Augusto Trevino
|
0-0: Called Strike 0-1: Ball 1-1: Foul Ball, location: 2F 1-2: SINGLE (Flyball, 89S)
|
Batting: RHB Horace Johnson
|
0-0: Foul Ball, location: 2F 0-1: Called Strike 0-2: Ball 1-2: Ball 2-2: Ball Augusto Trevino steals 2nd base 3-2: Strikes out swinging
|
Batting: RHB Ramón Molina
|
0-0: Ball 1-0: Called Strike 1-1: Foul Ball, location: 2F 1-2: Strikes out looking
|
Batting: RHB Tony Cruz
|
0-0: Ball 1-0: Fly out, F6 (Popup, 4MD)
|
Bottom of the 4th over - 0 run(s), 1 hit(s), 0 error(s), 1 left on base; Bismark 1 - Culver City 0 |
TOP OF THE 5TH |
Bismark Border Guards batting - Pitching for Culver City Extras : RHP Juan Tapia
|
Batting: RHB José Vidal
|
0-0: Fly out, F8 (Flyball, 8LM)
|
Batting: RHB António Martínez
|
0-0: Swinging Strike 0-1: Foul Ball, location: 2F 0-2: Strikes out looking
|
Batting: RHB Vincent Braun
|
0-0: Ball 1-0: SOLO HOME RUN (Flyball, 7D), Distance : 372 ft
|
Batting: RHB Enrique Soto
|
0-0: Ground out 5-3 (Groundball, 56S)
|
Top of the 5th over - 1 run(s), 1 hit(s), 0 error(s), 0 left on base; Bismark 2 - Culver City 0 |
BOTTOM OF THE 5TH |
Culver City Extras batting - Pitching for Bismark Border Guards : RHP Paul Pothecary
|
Batting: LHB Richard Bell
|
0-0: Ball 1-0: Ball 2-0: Fly out, F8 (Line Drive, 8LD)
|
Batting: RHB Cooper Richard
|
0-0: Foul Ball, location: 2F 0-1: Hit by Pitch
|
Batting: LHB Randy Wiggins
|
0-0: Swinging Strike 0-1: Ball 1-1: Called Strike 1-2: Ball 2-2: Foul Ball, location: 2F 2-2: Ball Cooper Richard steals 2nd base 3-2: Base on Balls
|
Batting: RHB Jesús Lara
|
0-0: Called Strike 0-1: Called Strike 0-2: Ball 1-2: Ball 2-2: Ball 3-2: Fly out, F9 (Flyball, 89S)
|
Batting: RHB Shawn Gutiérrez
|
0-0: Ball 1-0: Foul Ball, location: 2F 1-1: Swinging Strike 1-2: Foul Ball, location: 2F 1-2: Ball 2-2: Foul Ball, location: 2F 2-2: Strikes out swinging
|
Bottom of the 5th over - 0 run(s), 0 hit(s), 0 error(s), 2 left on base; Bismark 2 - Culver City 0 |
TOP OF THE 6TH |
Bismark Border Guards batting - Pitching for Culver City Extras : RHP Juan Tapia
|
Batting: LHB Norbert Mosley
|
0-0: Called Strike 0-1: Ball 1-1: Ball 2-1: Ball 3-1: DOUBLE (Flyball, 89M)
|
Batting: RHB Tony Hernández
|
0-0: Intentional Walk
|
Pitching: RHP Juan Fonseca
|
|
Batting: SHB Júlio Romano
|
0-0: Ball 1-0: Ball 2-0: Ball 3-0: Swinging Strike 3-1: Base on Balls Norbert Mosley to third Tony Hernández to second
|
Batting: RHB Jeremiah Soto
|
0-0: Called Strike 0-1: Swinging Strike 0-2: Foul Ball, location: 2F 0-2: Ball 1-2: Ball 2-2: Ball 3-2: Base on Balls Norbert Mosley scores Tony Hernández to third Júlio Romano to second
|
Batting: RHB Alfredo Farías
|
0-0: Called Strike 0-1: Called Strike 0-2: Strikes out swinging
|
Batting: RHB José Vidal
|
0-0: Foul Ball, location: 2F 0-1: Ball 1-1: Swinging Strike 1-2: Foul Ball, location: 2F 1-2: Strikes out swinging
|
Batting: RHB António Martínez
|
0-0: Ball 1-0: SINGLE (Groundball, 25) (infield hit) Tony Hernández scores Júlio Romano to third Jeremiah Soto to second
|
Batting: RHB Vincent Braun
|
0-0: Called Strike 0-1: Ball 1-1: Swinging Strike 1-2: Strikes out swinging
|
Top of the 6th over - 2 run(s), 2 hit(s), 0 error(s), 3 left on base; Bismark 4 - Culver City 0 |
BOTTOM OF THE 6TH |
Culver City Extras batting - Pitching for Bismark Border Guards : RHP Paul Pothecary
|
Batting: RHB Augusto Trevino
|
0-0: Ball 1-0: Ball 2-0: Called Strike 2-1: Called Strike 2-2: Strikes out swinging
|
Batting: RHB Horace Johnson
|
0-0: Foul Ball, location: 2F 0-1: Foul Ball, location: 2F 0-2: Ball 1-2: Ball 2-2: Ball 3-2: Base on Balls
|
Batting: RHB Ramón Molina
|
0-0: Foul Ball, location: 2F 0-1: SINGLE (Flyball, 8RS) Horace Johnson to second
|
Pitching: RHP Jorge Chávez
|
|
Batting: RHB Tony Cruz
|
0-0: Ball 1-0: Ball 2-0: SINGLE (Line Drive, 89S) Horace Johnson to third Ramón Molina to second Throwing error, E8 Horace Johnson scores Ramón Molina to third Tony Cruz to second
|
Batting: LHB Richard Bell
|
0-0: Ball 1-0: Foul Ball, location: 2F 1-1: Ball 2-1: Swinging Strike 2-2: Ball 3-2: Ground out 5-3 (Groundball, 5)
|
Batting: RHB Cooper Richard
|
0-0: Called Strike 0-1: SINGLE (Groundball, 4D) Ramón Molina scores Tony Cruz to third Runner from 3rd tries for Home, SAFE, no throw
|
Batting: LHB Randy Wiggins
|
0-0: Foul Ball, location: 2F Balk! Cooper Richard to second 0-1: Foul Ball, location: 2F 0-2: Foul Ball, location: 2F 0-2: Foul Ball, location: 2F 0-2: Strikes out swinging
|
Bottom of the 6th over - 3 run(s), 3 hit(s), 1 error(s), 1 left on base; Bismark 4 - Culver City 3 |
TOP OF THE 7TH |
Bismark Border Guards batting - Pitching for Culver City Extras : RHP Juan Fonseca
|
Batting: RHB Enrique Soto
|
0-0: Called Strike 0-1: Called Strike 0-2: Ball 1-2: Ball 2-2: Ground out 4-3 (Groundball, 4)
|
Batting: LHB Norbert Mosley
|
0-0: Foul Ball, location: 2F 0-1: Ball 1-1: Ball 2-1: Foul Ball, location: 2F 2-2: Foul Ball, location: 2F 2-2: Foul Ball, location: 2F 2-2: Foul Ball, location: 2F 2-2: Strikes out swinging
|
Batting: RHB Tony Hernández
|
0-0: Called Strike 0-1: Swinging Strike 0-2: Ball 1-2: Strikes out swinging
|
Top of the 7th over - 0 run(s), 0 hit(s), 0 error(s), 0 left on base; Bismark 4 - Culver City 3 |
BOTTOM OF THE 7TH |
Culver City Extras batting - Pitching for Bismark Border Guards : RHP Jorge Chávez
|
Now at 3B: Pedro Rodríguez
|
|
Batting: RHB Jesús Lara
|
0-0: Swinging Strike 0-1: Foul Ball, location: 2F 0-2: Ground out 5-3 (Groundball, 56S)
|
Batting: RHB Shawn Gutiérrez
|
0-0: Ball 1-0: Ball 2-0: SOLO HOME RUN (Flyball, 7D), Distance : 371 ft
|
Pitching: LHP Bartolomeo Balsamo
|
|
Batting: RHB Augusto Trevino
|
0-0: Ball 1-0: Ball 2-0: Ball 3-0: Called Strike 3-1: Called Strike 3-2: Base on Balls
|
Batting: RHB Horace Johnson
|
0-0: Foul Ball, location: 2F 0-1: Ball 1-1: Ball 2-1: Swinging Strike 2-2: Foul Ball, location: 2F 2-2: Ball 3-2: SINGLE (Flyball, 9LM) Augusto Trevino to second Runner from 2nd tries for 3rd, SAFE, throw made to third
|
Batting: RHB Ramón Molina
|
0-0: Hit by Pitch Horace Johnson to second
|
Batting: RHB Tony Cruz
|
0-0: Ball 1-0: Ball 2-0: Foul Ball, location: 2F 2-1: Foul Ball, location: 2F 2-2: Ball 3-2: Base on Balls Augusto Trevino scores Horace Johnson to third Ramón Molina to second
|
Pinch Hitting: RHB Max Alexander
|
0-0: Ball 1-0: Swinging Strike 1-1: Foul Ball, location: 2F 1-2: DOUBLE (Line Drive, 7D) Horace Johnson scores Ramón Molina scores Tony Cruz to third
|
Batting: RHB Cooper Richard
|
0-0: Intentional Walk
|
Pitching: RHP Robert Alexander
|
|
Batting: LHB Randy Wiggins
|
0-0: Ball 1-0: Ball Wild Pitch! Tony Cruz scores Max Alexander to third Cooper Richard to second 2-0: SINGLE (Flyball, 7LM) Max Alexander scores Cooper Richard to third Runner from 3rd tries for Home, SAFE, no throw
|
Batting: RHB Jesús Lara
|
0-0: Called Strike 0-1: Ball 1-1: Fly out, F9 (Line Drive, 89S)
|
Batting: RHB Shawn Gutiérrez
|
0-0: Fly out, F7 (Flyball, 7S)
|
Bottom of the 7th over - 7 run(s), 4 hit(s), 0 error(s), 1 left on base; Bismark 4 - Culver City 10 |
TOP OF THE 8TH |
Bismark Border Guards batting - Pitching for Culver City Extras : RHP Juan Fonseca
|
Now at 3B: Artie Pennington
|
|
Batting: SHB Júlio Romano
|
0-0: Ball 1-0: Ball 2-0: Ground out 4-3 (Groundball, 4)
|
Batting: RHB Jeremiah Soto
|
0-0: Foul Ball, location: 2F 0-1: Called Strike 0-2: Foul Ball, location: 2F 0-2: Foul Ball, location: 2F 0-2: Strikes out swinging
|
Batting: RHB Alfredo Farías
|
0-0: Ball 1-0: Foul Ball, location: 2F 1-1: Called Strike 1-2: Strikes out looking
|
Top of the 8th over - 0 run(s), 0 hit(s), 0 error(s), 0 left on base; Bismark 4 - Culver City 10 |
BOTTOM OF THE 8TH |
Culver City Extras batting - Pitching for Bismark Border Guards : RHP Robert Alexander
|
Batting: RHB Augusto Trevino
|
0-0: Ball 1-0: Swinging Strike 1-1: Ball 2-1: Ball 3-1: Swinging Strike 3-2: SINGLE (Flyball, 8RS)
|
Batting: RHB Horace Johnson
|
0-0: Called Strike 0-1: Ball 1-1: Ball 2-1: SINGLE (Groundball, 6MD) Augusto Trevino to second Runner from 2nd tries for 3rd, SAFE, throw made to third Horace Johnson to second
|
Batting: RHB Ramón Molina
|
0-0: Called Strike 0-1: Ball 1-1: Foul Ball, location: 2F 1-2: Ball 2-2: Ball 3-2: Fly out, F9 (Flyball, 9LS)
|
Batting: RHB Tony Cruz
|
0-0: Ball Wild Pitch! Augusto Trevino scores Horace Johnson to third 1-0: Ball 2-0: Fly out, F6 (Line Drive, 6)
|
Batting: RHB Artie Pennington
|
0-0: Foul Ball, location: 2F 0-1: SINGLE (Line Drive, 78S) Horace Johnson scores
|
Batting: RHB Cooper Richard
|
0-0: Called Strike 0-1: Ball 1-1: Foul Ball, location: 2F 1-2: Ball 2-2: Ball 3-2: Base on Balls Artie Pennington to second
|
Batting: LHB Randy Wiggins
|
0-0: Called Strike 0-1: Ball 1-1: SINGLE (Flyball, 8LS) Artie Pennington to third Cooper Richard to second Runner from 3rd tries for Home, SAFE, no throw
|
Pitching: LHP Júlio Parra
|
|
Batting: RHB Jesús Lara
|
0-0: Ball Cooper Richard steals 3rd base Randy Wiggins to second 1-0: Foul Ball, location: 2F 1-1: Ground out 6-3 (Groundball, 6)
|
Bottom of the 8th over - 3 run(s), 4 hit(s), 0 error(s), 2 left on base; Bismark 4 - Culver City 13 |
TOP OF THE 9TH |
Bismark Border Guards batting - Pitching for Culver City Extras : RHP Juan Fonseca
|
Now at SS: Dave Anderson
|
|
Batting: RHB José Vidal
|
0-0: Foul Ball, location: 2F 0-1: Ball 1-1: Ball 2-1: Swinging Strike 2-2: Ground out 4-3 (Groundball, 4S)
|
Batting: RHB António Martínez
|
0-0: Ground out 4-3 (Groundball, 4)
|
Batting: RHB Vincent Braun
|
0-0: Fly out, F9 (Line Drive, 9S)
|
Top of the 9th over - 0 run(s), 0 hit(s), 0 error(s), 0 left on base; Bismark 4 - Culver City 13 |
|